 Dungeon Crawl Stone Soup version 0.26-a0-682-g294304f6e8 (webtiles) character file.

Game seed: 12443443234469040217

(classic levelgen) 21 EnegeticOcto the Vandal (level 3, -1/21 HPs)
             Began as a Halfling Earth Elementalist on Oct 21, 2020.
             Slain by a hound (2 damage)
             ... on level 4 of the Dungeon.
             The game lasted 00:02:28 (429 turns).

EnegeticOcto the Vandal (HaEE)                       Turns: 429, Time: 00:02:28

Health: -1/21      AC:  5    Str:  9    XL:     3   Next: 5%
Magic:  0/5        EV: 13    Int: 14    God:
Gold:   93         SH:  0    Dex: 14    Spells: 4/5 levels left

rFire    . . .     SeeInvis .   a - +0 hunting sling
rCold    . . .     Faith    .   (shield restricted)
rNeg     . . .     Spirit   +   i - +0 ring mail
rPois    .         Reflect  .   (no helmet)
rElec    .         Harm     .   (no cloak)
rCorr    .         Rampage  .   (no gloves)
MR       .....                  (no boots)
Stlth    +.........             k - amulet of guardian spirit
HPRegen  0.07/turn              (no ring)
MPRegen  0.09/turn              (no ring)

@: no status effects
A: small, mutation resistance 1
a: no special abilities


You were on level 4 of the Dungeon.
You visited 1 branch of the dungeon, and saw 4 of its levels.

You collected 93 gold pieces.

Inventory:

Hand Weapons
 a - a +0 hunting sling (weapon)
 f - a +0 whip
 j - a +0 spear
Missiles
 b - 20 stones (quivered)
Armour
 c - a +0 robe
 i - a +0 ring mail (worn)
Jewellery
 d - an uncursed amulet of magic regeneration
 k - an amulet of guardian spirit (around neck)
Scrolls
 e - a scroll of enchant armour {unknown}
 g - a scroll of immolation {unknown}
 h - a scroll of identify {unknown}


   Skills:
 + Level 3.6 Slings
 - Level 2.1 Dodging
 - Level 2.1 Stealth
 - Level 1.5 Spellcasting
   Level 0.5 Transmutations
 - Level 3.0 Earth Magic


You had 4 spell levels left.
You knew the following spells:

 Your Spells              Type           Power        Failure   Level
a - Sandblast             Erth           #.....       21%         1

Your spell library contained the following spells:

 Spells                   Type           Power        Failure   Level
 Passwall                 Tmut/Erth      #.......     45%         2
 Stone Arrow              Conj/Erth      #.....       75%         3
 Petrify                  Tmut/Erth      #.......     98%         4
 Lee's Rapid Deconstruct  Erth           #.........   99%         5


Dungeon Overview and Level Annotations

Branches:
Dungeon (4/15)
 Temple: D:4-7

Altars:
Sif Muna

Annotations:
D:2 Sigmund


Innate Abilities, Weirdness & Mutations

You are small and have problems with some larger weapons.
You are somewhat resistant to further mutation.


Message History

An orc priest comes into view. It is wielding a +0 mace.
The rat closely misses you.
There is a stone staircase leading down here.
The rat bites you but does no damage.
You climb downwards.
Found a dented diamond amulet.
Found a stone staircase leading down.
There is a stone staircase leading up here.
Firing (i - inventory)
b - 31 stones (quivered)
Press: ? - help, Shift-Dir - straight line, f - rat
Aim: a rat (heavily wounded)
You shoot a stone. The stone closely misses the rat.
The rat bites you.
Firing (i - inventory)
b - 30 stones (quivered)
Press: ? - help, Shift-Dir - straight line, f/p - rat
Aim: a rat (heavily wounded)
You shoot a stone. The stone hits the rat!
You kill the rat!
k - a dented diamond amulet You start removing your amulet.
You continue taking off your amulet of magic regeneration. x4
You finish taking off your amulet of magic regeneration.
You start putting on your amulet.
You continue putting on your dented diamond amulet. x5
You finish putting on your uncursed amulet of guardian spirit.
You feel your power drawn to a protective spirit.
k - an amulet of guardian spirit (around neck)
b - 30 stones (gained 1)
You see here a rat corpse.
Found a stone staircase leading down.
Found a spear.
A hound comes into view.
Firing (i - inventory)
b - 30 stones (quivered)
Press: ? - help, Shift-Dir - straight line, f - hound
Aim: a hound (asleep)
You shoot a stone. The stone hits the hound.
The hound barks!
The hound is lightly wounded.
An ufetubus comes into view.
Firing (i - inventory)
b - 29 stones (quivered)
Press: ? - help, Shift-Dir - straight line, f/p - hound
Aim: a hound (lightly wounded)
You shoot a stone. The stone closely misses the hound.
The ufetubus shouts!
Firing (i - inventory)
b - 28 stones (quivered)
Press: ? - help, Shift-Dir - straight line, f/p - hound
Aim: a hound (lightly wounded)
You shoot a stone. The stone completely misses the hound.
Firing (i - inventory)
b - 27 stones (quivered)
Press: ? - help, Shift-Dir - straight line, f/p - hound
Aim: a hound (lightly wounded)
You shoot a stone. The stone closely misses the hound.
Firing (i - inventory)
b - 26 stones (quivered)
Press: ? - help, Shift-Dir - straight line, f/p - hound
Aim: a hound (lightly wounded)
You shoot a stone. The stone misses the hound.
The hound completely misses you. The ufetubus hits you.
The ufetubus hits you but does no damage.
The hound bites you but does no damage. The ufetubus barely misses you.
The ufetubus hits you.
Firing (i - inventory)
b - 25 stones (quivered)
Press: ? - help, Shift-Dir - straight line, f/p - hound
Aim: a hound (lightly wounded)
You shoot a stone. The stone misses the hound.
The hound bites you.
* * * LOW HITPOINT WARNING * * *
The ufetubus misses you. The ufetubus barely misses you.
Firing (i - inventory)
b - 24 stones (quivered)
Press: ? - help, Shift-Dir - straight line, f/p - hound
Aim: a hound (lightly wounded)
You shoot a stone. The stone hits the hound.
The hound is moderately wounded.
The hound bites you but does no damage. The ufetubus hits you.
* * * LOW HITPOINT WARNING * * *
The ufetubus closely misses you. The hound bites you.
* * * LOW HITPOINT WARNING * * *
The ufetubus hits you but does no damage. x2
A howler monkey skeleton comes into view.
Firing (i - inventory)
b - 23 stones (quivered)
Press: ? - help, Shift-Dir - straight line, f/p - hound
Aim: a hound (moderately wounded)
You shoot a stone.
The stone hits the hound but does no damage.
The hound is moderately wounded.
The hound bites you but does no damage. The ufetubus hits you.
* * * LOW HITPOINT WARNING * * *
The ufetubus hits you.
* * * LOW HITPOINT WARNING * * *
The hound bites you but does no damage.
Firing (i - inventory)
b - 22 stones (quivered)
Press: ? - help, Shift-Dir - straight line, f/p - hound
Aim: a hound (moderately wounded)
You shoot a stone. The stone barely misses the hound.
The ufetubus closely misses you. The ufetubus barely misses you.
The hound barely misses you.
The ufetubus hits you but does no damage.
The ufetubus closely misses you.
Unknown command.
Firing (i - inventory)
b - 21 stones (quivered)
Press: ? - help, Shift-Dir - straight line, f/p - hound
Aim: a hound (moderately wounded)
You shoot a stone. The stone closely misses the hound.
The hound bites you.
You die...

.....# .....##
...>.###
......####.
..........
#.........
##......##.
##..@h(.((..
♣♣♣##....5Z.....
♣.♣.......##.....(
♣.....<†.## #...).
♣♣......## .....
♣.......# ....
##......# #..
###....# #. ##...#


You could see a hound, an ufetubus and a howler monkey skeleton.

Vanquished Creatures
  An adder (D:3)
  An orc (D:3)
  A ball python (D:2)
  3 giant cockroaches
  2 goblins (D:2)
  A frilled lizard (D:2)
  2 rats
11 creatures vanquished.

Vanquished Creatures (others)
  3 plants (D:1)
3 creatures vanquished.

Grand Total: 14 creatures vanquished

Notes
Turn   | Place    | Note
-------+----------+-------------------------------------------
     0 | D:1      | EnegeticOcto the Halfling Earth Elementalist began the
                  | quest for the Orb.
     0 | D:1      | Reached XP level 1. HP: 11/11 MP: 3/3
   134 | D:2      | Reached skill level 1 in Slings
   153 | D:2      | Found a shimmering blue altar of Sif Muna.
   296 | D:2      | Reached skill level 2 in Slings
   296 | D:2      | Reached XP level 2. HP: 15/17 MP: 4/4
   332 | D:2      | Noticed Sigmund
   365 | D:3      | Reached skill level 3 in Slings
   391 | D:3      | Reached XP level 3. HP: 13/21 MP: 5/5
   427 | D:4      | HP: 1/21 [ufetubus (1)]
   429 | D:4      | Slain by a hound

Illustrated notes

Levels and vault maps discovered:
D:1:      roderic_crop_circles_arrival_small, layout_basic
D:2:      layout_basic, lemuel_blue_sif_altar, kennysheep_generic_room_15,
          uniq_sigmund
D:3:      layout_loops_cross, minmay_misc_feat_five, uniq_grinder
D:4:      lemuel_castle_with_subvaults [lemuel_castle_interior_original],
          layout_layer_cave, serial_bayou_crossing, uniq_duvessa

Skill      XL: |  1  2 |
---------------+-------+-----
Slings         | 2 3 |  3.6
Dodging        | |  2.1
Stealth        | |  2.1
Spellcasting   | |  1.5
Transmutations | |  0.5
Earth Magic    | |  3.0

Action                   || total
-------------------------++-------
Melee: Unarmed           ||     5
       Hunting sling     ||     3
 Fire: Hunting sling     ||    50
Armor: Ring mail         ||    12
Dodge: Dodged            ||    35

Table legend: (Time is in decaauts)
 A = Elapsed time spent in this place.
 B = Non-inter-level travel time spent in this place.
 C = Inter-level travel time spent in this place.
 D = Time resting spent in this place.
 E = Time spent auto-exploring this place.
 F = Levels seen in this place.
 G = Mean time per level.
                   A        B        C        D        E       F      G
               +--------+--------+--------+--------+--------+-----+--------+
         Total |    432 |    423 |      9 |      0 |      0 |   4 |  108.0 |
       Dungeon |    432 |    423 |      9 |      0 |      0 |   4 |  108.0 |
               +--------+--------+--------+--------+--------+-----+--------+

Top non-repeatable levels by time:
     D:1: 188 daAuts
     D:2: 168 daAuts
     D:3: 46 daAuts
     D:4: 29 daAuts
